 Dungeon Crawl Stone Soup version 0.25.0-37-gb73750e0fb (webtiles) character file.

Game seed: 12148587624666255414

13581 funkygono the Destroyer (level 11, -4/84 HPs)
             Began as a Pale Draconian Conjurer on July 8, 2020.
             Was an Elder of Sif Muna.
             Slain by Snorg (9 damage)
             ... on level 14 of the Dungeon.
             The game lasted 00:36:16 (14571 turns).

funkygono the Destroyer (Pale Draconian Conjurer)  Turns: 14571, Time: 00:36:17

Health: -4/84      AC: 13    Str: 20    XL:     11   Next: 77%
Magic:  32/34      EV: 20    Int: 18    God:    Sif Muna [****..]
Gold:   657        SH:  0    Dex: 18    Spells: 25/31 levels left

rFire    . . .     SeeInvis .   z - +7 quarterstaff of Ru's Brutal Revenge {holy, *Noise MP+9 Str+2 Dex+7}
rCold    . . .     Gourm    .   (shield currently unavailable)
rNeg     . . .     Faith    .   (armour unavailable)
rPois    .         Spirit   .   (helmet restricted)
rElec    .         Reflect  .   q - +2 cloak
rCorr    .         Harm     .   F - +0 pair of gloves
MR       .....                  H - +1 pair of boots
Stlth    +++.......             p - amulet of regeneration
HPRegen  0.64/turn              k - +4 ring of evasion
MPRegen  0.24/turn              A - +6 ring of strength

@: flying
A: breathe steam, unfitting armour, cold-blooded, AC +7
a: Breathe Steam, Channel Magic, Forget Spell, Divine Exegesis, Renounce
Religion


You were on level 14 of the Dungeon.
You worshipped Sif Muna.
Sif Muna was greatly pleased with you.
You were not hungry.

You visited 2 branches of the dungeon, and saw 13 of its levels.

You collected 657 gold pieces.

Inventory:

Hand Weapons
 g - a +1 dagger of venom
 m - a +0 dagger of holy wrath
 u - a +5 dagger of freezing
 z - the +7 quarterstaff of Ru's Brutal Revenge (weapon) {holy, *Noise MP+9 Str+2 Dex+7}
   (You found it on level 7 of the Dungeon)

   It has been blessed by the Shining One to cause great damage to the undead
   and demons.
   It affects your strength (+2).
   It affects your dexterity (+7).
   It affects your magic capacity (+9).
   It may make noises in combat.
Missiles
 e - 287 stones (quivered)
Armour
 i - a scarf of invisibility
 q - a +2 cloak (worn)
 F - a +0 pair of gloves (worn)
 H - a +1 pair of boots (worn)
Magical Staves
 v - an uncursed staff of cold
Jewellery
 j - an uncursed ring of protection from magic
 k - a +4 ring of evasion (left hand)
 p - an amulet of regeneration (around neck)
 w - an uncursed ring of flight
 x - an uncursed ring of resist corrosion
 A - a +6 ring of strength (right hand)
Wands
 y - a wand of flame (29)
 B - a wand of random effects (10)
Scrolls
 c - 2 scrolls of magic mapping
 f - 4 scrolls of teleportation
 D - a scroll of enchant armour {unknown}
Potions
 h - a potion of magic
 l - 2 potions of curing
 n - 2 potions of lignification
 o - 2 potions of brilliance
 r - 5 potions of stabbing
 s - a potion of invisibility {unknown}
 t - a potion of flight
 C - a potion of might
 E - a potion of haste {unknown}
 G - a potion of berserk rage {unknown}
Comestibles
 a - 2 chunks of flesh
 b - 27 rations


   Skills:
 + Level 4.0 Fighting
 + Level 4.3 Short Blades
 + Level 3.8 Staves
 + Level 5.3 Dodging
 + Level 4.8 Stealth
 + Level 10.9 Spellcasting
 + Level 11.3 Conjurations
 + Level 2.3 Air Magic
 + Level 2.3 Poison Magic


You had 25 spell levels left.
You knew the following spells:

 Your Spells              Type           Power        Failure   Level  Hunger
a - Magic Dart            Conj           ####         1%          1    None
b - Searing Ray           Conj           ######       1%          2    None
c - Mephitic Cloud        Conj/Pois/Air  ####....     2%          3    None

Your spell library contained the following spells:

 Spells                   Type           Power        Failure   Level  Hunger
 Conjure Flame            Conj/Fire      ####....     2%          3    None
 Dazzling Flash           Conj/Hex       ####..       2%          3    None
 Fulminant Prism          Conj/Hex       ####......   7%          4    ##.....
 Iskenderun's Mystic Bla  Conj/Tloc      ####....     7%          4    ##.....
 Blink                    Tloc           N/A          11%         2    None
 Call Imp                 Summ           #.......     11%         2    None
 Slow                     Hex            #.......     11%         2    None
 Confusing Touch          Hex            #.......     22%         3    None
 Gell's Gravitas          Tloc           #.........   22%         3    None
 Petrify                  Tmut/Erth      #.......     58%         4    ##.....
 Metabolic Englaciation   Hex/Ice        #.........   90%         5    #####..
 Yara's Violent Unravell  Hex/Tmut       #.........   90%         5    #####..


Dungeon Overview and Level Annotations

Branches:
Dungeon (11/15)            Temple (1/1) D:6            Lair (0/6) D:9
    Orc (0/2) D:11

Altars:
Ashenzari
Cheibriados
Dithmenos
Elyvilon
Fedhas
Gozag
Hepliaklqana
Kikubaaqudgha
Makhleb
Nemelex Xobeh
Okawaru
Qazlal
Ru
Sif Muna
Trog
Uskayaw
Vehumet
Wu Jian
Xom
Yredelemnul
Zin
The Shining One

Annotations:
D:5 2 transporters, lepoulpe303's ghost, novice SpEE
D:9 1 runed translucent door, Krom's ghost, journeyman MiFi
D:14 Snorg


Innate Abilities, Weirdness & Mutations

You can breathe blasts of scalding, opaque steam.
Your pale cyan-grey scales are hard. (AC +7)
You cannot fit into any form of body armour.
You are cold-blooded and may be slowed by cold attacks.


Message History

Snorg closely misses you. Snorg completely misses you.
Snorg closely misses you. Snorg completely misses you.
You hear a distant slurping noise.
Casting: Searing Ray (safe; 1% risk of failure)
Confirm with . or Enter, or press ? or * to list all spells.
Aiming: Searing Ray (safe; 1% risk of failure)
Press: ? - help, Shift-Dir - straight line, f/p - Snorg
Aim: Snorg (moderately wounded, berserk)
The searing ray hits Snorg!
Snorg is moderately wounded.
The searing ray hits the manticore!
The manticore is heavily wounded. (Press . to maintain the ray.) Snorg bites you!!
* * * LOW HITPOINT WARNING * * *
Snorg claws you.
* * * LOW HITPOINT WARNING * * *
Snorg completely misses you. Snorg bites you but does no damage.
Snorg claws you!
You die...

≈.. ...
#.Z.....
....... ......
#.#.#####
#.......###
####..........
#.@TH...!...>.
#..##Z.........
#.# #..........
+. #..........
# #H.........
######.#### #


You could see Snorg (berserk), a manticore and a redback simulacrum.

Vanquished Creatures
  3 two-headed ogres
  2 ugly things (D:11)
  Psyche (D:8)
  A centaur skeleton (D:11)
  A troll (D:10)
  A hippogriff (D:10)
  2 wyverns
  14 yaks
  2 wraiths
  2 basilisks (D:11)
  A warg (D:11)
  A water moccasin (D:9)
  2 porcupines (D:9)
  2 black bears
  3 sky beasts
  5 orc warriors
  A necrophage (D:10)
  4 phantoms
  3 ogres
  An eye of draining (D:9)
  5 centaurs
  2 crocodiles (D:9)
  2 big kobolds (D:9)
  11 bullfrogs
  A gnoll sergeant (D:10)
  A water moccasin zombie (D:6)
  5 scorpions
  5 killer bees (D:8)
  21 wights
  A howler monkey (D:6)
  8 crimson imps
  A quasit (D:9)
  6 hounds
  9 orc wizards
  3 bullfrog skeletons
  12 orc priests
  3 iguanas
  5 jellies
  Jessica (D:2)
  13 worker ants
  A hound skeleton (D:9)
  A mummy (D:4)
  A worker ant zombie (D:10)
  4 gnolls (D:10)
  11 adders
  3 shadow imps
  2 oozes (D:2)
  An adder zombie (D:9)
  3 adder skeletons
  4 worms
  2 dart slugs
  6 leopard geckos
  41 orcs
  3 giant cockroaches
  7 goblins
  8 hobgoblins
  9 jackals
  A ball python (D:2)
  A bat (D:1)
  4 frilled lizards
  A jackal skeleton (D:7)
  21 kobolds
  A leopard gecko skeleton (D:6)
  A quokka skeleton (D:4)
  8 rats
312 creatures vanquished.

Vanquished Creatures (others)
  30 fungi (D:9)
  5 plants (D:9)
35 creatures vanquished.

Grand Total: 347 creatures vanquished

Notes
Turn   | Place    | Note
-------+----------+-------------------------------------------
     0 | D:1      | funkygono the Draconian Conjurer began the quest for the
                  | Orb.
     0 | D:1      | Reached XP level 1. HP: 14/14 MP: 3/3
   443 | D:1      | Reached XP level 2. HP: 20/20 MP: 0/5
   447 | D:1      | Learned a level 2 spell: Searing Ray
  1183 | D:2      | Reached XP level 3. HP: 26/26 MP: 0/6
  1455 | D:2      | Noticed Jessica
  1458 | D:2      | Killed Jessica
  1458 | D:2      | Reached skill level 1 in Short Blades
  1458 | D:2      | Reached XP level 4. HP: 33/33 MP: 3/7
  2375 | D:3      | Reached skill level 5 in Conjurations
  2693 | D:3      | Reached XP level 5. HP: 38/38 MP: 5/9
  3225 | D:3      | Found a snail-covered altar of Cheibriados.
  3559 | D:4      | Found a glowing silver altar of Zin.
  3989 | D:4      | Reached XP level 6. HP: 40/45 MP: 5/11
  4496 | D:4      | Found a snail-covered altar of Cheibriados.
  4535 | D:5      | Entered Level 5 of the Dungeon
  4650 | D:5      | Reached skill level 6 in Conjurations
  4702 | D:5      | Found a transporter.
  4706 | D:5      | Found a transporter.
  4706 | D:5      | Noticed lepoulpe303's ghost (novice SpEE)
  4906 | D:5      | Your scales start taking on a pale cyan-grey colour.
  4906 | D:5      | Reached XP level 7. HP: 50/50 MP: 2/13
  5243 | D:5      | You fall into a shaft and drop 2 floors!
  5503 | D:6      | Noticed a yak
  5503 | D:6      | Noticed a yak
  5505 | D:6      | Noticed a yak
  5512 | D:6      | Killed a yak
  5515 | D:6      | Killed a yak
  5515 | D:6      | Reached skill level 5 in Spellcasting
  5515 | D:6      | Reached skill level 7 in Conjurations
  5523 | D:6      | Killed a yak
  5523 | D:6      | Reached skill level 1 in Fighting
  5523 | D:6      | Reached XP level 8. HP: 14/59 MP: 0/16
  6014 | D:6      | Reached skill level 8 in Conjurations
  7176 | D:5      | Learned a level 3 spell: Mephitic Cloud
  7452 | D:6      | Found a staircase to the Ecumenical Temple.
  7563 | Temple   | Entered the Ecumenical Temple
  8052 | D:7      | Got a warped quarterstaff
  8075 | D:7      | Reached XP level 9. HP: 67/67 MP: 13/18
  8659 | D:7      | Reached skill level 9 in Conjurations
  9373 | D:8      | Found a shimmering blue altar of Sif Muna.
  9373 | D:8      | Found a glowing golden altar of the Shining One.
  9377 | D:8      | Became a worshipper of Sif Muna the Loreminder
  9444 | D:8      | You fall into a shaft and drop 1 floor!
  9853 | D:9      | Reached skill level 1 in Poison Magic
  9880 | D:9      | Reached * piety under Sif Muna
 10074 | D:9      | Noticed Krom's ghost (journeyman MiFi)
 10075 | D:9      | Found a runed translucent door.
 10099 | D:9      | Reached XP level 10. HP: 73/73 MP: 6/22
 10197 | D:9      | Noticed a two-headed ogre
 10205 | D:9      | Killed a two-headed ogre
 10312 | D:9      | Found a staircase to the Lair.
 11107 | D:9      | Reached skill level 10 in Conjurations
 11629 | D:8      | Upgraded the game from 0.25.0-33-gff14898491 to
                  | 0.25.0-37-gb73750e0fb
 11659 | D:8      | Reached ** piety under Sif Muna
 11803 | D:8      | Noticed Psyche
 11834 | D:8      | Killed Psyche
 12391 | D:8      | Identified the +7 quarterstaff of Ru's Brutal Revenge
                  | {holy, *Noise MP+9 Str+2 Dex+7} (You found it on level 7 of
                  | the Dungeon)
 12455 | D:10     | Entered Level 10 of the Dungeon
 12460 | D:10     | Reached skill level 1 in Air Magic
 12494 | D:10     | Noticed a two-headed ogre
 12502 | D:10     | Killed a two-headed ogre
 12502 | D:10     | Reached skill level 10 in Spellcasting
 12502 | D:10     | Reached XP level 11. HP: 46/82 MP: 25/25
 12945 | D:10     | Reached skill level 1 in Staves
 13548 | D:10     | Reached *** piety under Sif Muna
 13901 | D:11     | Reached skill level 5 in Dodging
 13931 | D:11     | Noticed a brown ugly thing
 13938 | D:11     | Noticed a red ugly thing
 13950 | D:11     | Killed a red ugly thing
 13950 | D:11     | Reached skill level 11 in Conjurations
 13957 | D:11     | Killed a brown ugly thing
 14313 | D:11     | Noticed a two-headed ogre
 14321 | D:11     | Killed a two-headed ogre
 14321 | D:11     | Reached **** piety under Sif Muna
 14425 | D:11     | Found a staircase to the Orcish Mines.
 14554 | D:11     | You fall into a shaft and drop 3 floors!
 14556 | D:14     | Noticed Snorg
 14571 | D:14     | Slain by Snorg

Illustrated notes

Levels and vault maps discovered:
D:1:      minmay_arrival_up_and_down, layout_basic
D:2:      layout_basic, uniq_jessica
D:3:      layout_basic, kennysheep_slug_shrine
D:4:      corexii_shack_village, layout_basic, lemuel_doored_altar,
          chei_slow_surprise
D:5:      layout_layer_cave, gammafunk_ghost_arena, first_ration,
          nicolae_underground_beach
D:6:      layout_loops_ring, minmay_temple_entry_poolview,
          hangedman_decor_points
D:7:      layout_loops_ring, chequers_ossuary_entry_cave,
          kennysheep_generic_room_5
D:8:      layout_basic, grunt_temple_overflow_open, grunt_ogre_cave, uniq_psyche
D:9:      layout_cave_pods, due_lair_maze_entry_diamond,
          hellmonk_ghost_happy_afterlife
D:10:     layout_loops_corners
D:11:     layout_small_grid, david_orc_3, uniq_sonja, uniq_josephine
D:14:     layout_roguey, hangedman_abyss_or_decor_clamps, minivault_15,
          uniq_roxanne, uniq_snorg
Temple:   regret_index_temple_mists

Skill      XL: |  1  2  3  4  5  6  7  8  9 10 11 |
---------------+----------------------------------+-----
Dodging        | 2 3 4 5 |  5.3
Short Blades   | 1 2 3 4 |  4.3
Stealth        | 2 3 4 |  4.8
Conjurations   | 5 6 7 8 9 10 11 | 11.3
Spellcasting   | 3 4 5 6 8 10 | 10.9
Fighting       | 1 2 3 4 |  4.0
Poison Magic   | 1 2 |  2.3
Air Magic      | 1 2 |  2.3
Staves         | 3 |  3.8

Action                   |  1- 3 |  4- 6 |  7- 9 | 10-12 || total
-------------------------+-------+-------+-------+-------++-------
Melee: Dagger            |    12 |    19 |    78 |    37 ||   146
       Tailslap          |       |     2 |    12 |    16 ||    30
       Quarterstaff      |       |       |       |    40 ||    40
 Cast: Magic Dart        |    50 |   126 |   166 |   217 ||   559
       Searing Ray       |       |    13 |    39 |    68 ||   120
       Mephitic Cloud    |       |       |     5 |    13 ||    18
 Abil: Breathe Steam     |       |       |     2 |     2 ||     4
  Use: Scroll            |     2 |     6 |     4 |     5 ||    17
       Potion            |       |     1 |     1 |     3 ||     5
 Stab: Confused          |       |       |       |     3 ||     3
  Eat: Chunk             |     2 |    12 |    16 |    14 ||    44
Armor: Skin              |     2 |     9 |    40 |    51 ||   102
Dodge: Dodged            |     6 |    23 |    84 |   129 ||   242
